 Dungeon Crawl Stone Soup version 0.20-a0-540-ge6d1839 (webtiles) character file.

2552 Devintownsend the Cleaver (level 9, -2/78 HPs)
             Began as a Minotaur Fighter on Jan 30, 2017.
             Was a Believer of Okawaru.
             Killed from afar by an electric eel (16 damage)
             ... with a bolt of electricity
             ... on level 8 of the Dungeon.
             The game lasted 00:20:45 (6267 turns).

Devintownsend the Cleaver (Minotaur Fighter)        Turns: 6267, Time: 00:20:46

Health: -2/78      AC: 10    Str: 23    XL:     9   Next: 31%
Magic:  8/8        EV:  8    Int:  5    God:    Okawaru [**....]
Gold:   456        SH: 12    Dex: 11    Spells: 8/8 levels left

rFire    . . .     SeeInvis .   a - +1 war axe
rCold    . . .     Gourm    .   b - +0 scale mail
rNeg     + . .     Faith    .   c - +1 shield
rPois    .         Spirit   .   (helmet restricted)
rElec    .         Reflect  .   (no cloak)
rCorr    .         Harm     +   (no gloves)
MR       .....                  (no boots)
Stlth    ..........             G - amulet of harm
Regen    0.3/turn               (no ring)
                                o - ring of positive energy

@: no status effects
A: retaliatory headbutt, horns 2, slimy green scales 1
a: Heroism, Renounce Religion


You were on level 8 of the Dungeon.
You worshipped Okawaru.
Okawaru was pleased with you.
You were hungry.

You visited 1 branch of the dungeon, and saw 8 of its levels.

You collected 456 gold pieces.

Inventory:

Hand Weapons
 a - a +1 war axe (weapon)
Armour
 b - a +0 scale mail (worn)
 c - a +1 shield (worn)
 i - a +0 pair of boots
 v - a +0 large shield
Jewellery
 o - a ring of positive energy (left hand)
 G - an amulet of harm (around neck)
 I - a cursed amulet of inaccuracy {unknown}
Wands
 x - a wand of lightning (13/15)
 D - a wand of flame (23/48)
Scrolls
 e - 8 scrolls of identify
 g - a scroll of noise
 q - a scroll of teleportation
 t - 3 scrolls of amnesia
 u - a scroll of remove curse
 E - a scroll of recharging
 H - 2 scrolls of enchant armour
Potions
 d - a potion of might
 h - a potion of curing
 j - 4 potions of haste
 l - 3 potions of brilliance
 s - a potion of flight
Comestibles
 f - 8 bread rations
 n - 5 meat rations
 p - a fruit
 z - 2 royal jellies


   Skills:
 + Level 6.9 Fighting
 + Level 9.5 Axes
 + Level 8.1 Armour
 + Level 8.4 Shields


You had 8 spell levels left.
You didn't know any spells.

Dungeon Overview and Level Annotations

Branches:
Dungeon (8/15)             Temple (0/1) D:7
   Lair: D:8-11

Altars:
Fedhas
Okawaru
Trog
Xom


Innate Abilities, Weirdness & Mutations

You reflexively headbutt those who attack you in melee.
You have a pair of horns on your head.
You are partially covered in slimy green scales. (AC +2)


Message History

The electric eel shoots out a bolt of lightning at you!
The bolt of electricity hits you!
The bolt of electricity hits the plant. x2
A bullfrog comes into view.
You hit the electric eel. You headbutt the electric eel.
The electric eel is almost dead.
You hit the electric eel. You hit the plant.
The electric eel shoots out a bolt of lightning at you!
The bolt of electricity hits you!
* * * LOW HITPOINT WARNING * * *
The bolt of electricity hits the plant. x2
The electric eel shoots out a bolt of lightning at you!
The bolt of electricity hits you!
* * * LOW HITPOINT WARNING * * *
You hit the electric eel.
You kill the electric eel!
Okawaru accepts your kill.
You hit the plant. You barely miss the electric eel.
The electric eel shoots out a bolt of lightning at you!
The bolt of electricity hits you!
You die...

≈≈..##.....##....♣
≈≈≈≈...##...##.....♣
≈≈≈≈≈...#'''#))....♣
≈≈≈≈≈........(.....♣
≈≈≈≈≈≈......?......♣
.....................♣
.....................♣
.≈≈≈≈≈.....$P.P.P.P..♣
..≈≈≈≈≈@..P.P.P.P.P..♣
..≈≈≈≈;.P.P...P.P.P...
..≈≈≈≈≈...P.P...P.P..
..≈≈≈≈≈.P.P.P...P.P..
..≈≈≈≈≈.P.P.P.P.P..
..≈≈≈≈≈≈..P.F.P.P.
..≈≈≈≈≈≈..P...P..
..≈≈≈≈≈...P.P.P.


You could see a bullfrog and an electric eel.

Vanquished Creatures
  A two-headed ogre (D:8)
  An ice beast (D:6)
  A phantom (D:4)
  3 ogres
  4 centaurs
  A big kobold (D:7)
  2 bullfrogs
  A scorpion (D:5)
  An electric eel (D:8)
  2 orc priests (D:6)
  2 quasits (D:7)
  A hound (D:7)
  3 crimson imps
  A jelly (D:5)
  A centaur skeleton (D:6)
  A bullfrog skeleton (D:5)
  3 iguanas
  2 orc wizards
  3 worker ants
  A hound skeleton (D:7)
  12 adders
  4 gnolls (D:7)
  4 oozes
  4 worms
  2 dart slugs
  8 leopard geckos
  17 orcs
  10 giant cockroaches
  7 goblins
  5 hobgoblins
  9 jackals
  16 kobolds
  3 quokkas
  A ball python (D:2)
  8 bats
  5 frilled lizards
  A leopard gecko skeleton (D:4)
  A leopard gecko zombie (D:6)
  A quokka skeleton (D:5)
  10 rats
163 creatures vanquished.

Notes
Turn   | Place    | Note
-------+----------+-------------------------------------------
     0 | D:1      | Devintownsend the Minotaur Fighter began the quest for the Orb.
     0 | D:1      | Reached XP level 1. HP: 19/19 MP: 0/0
    40 | D:1      | Reached XP level 2. HP: 25/27 MP: 1/1
   389 | D:1      | Reached XP level 3. HP: 31/34 MP: 2/2
  1274 | D:2      | Reached XP level 4. HP: 41/41 MP: 3/3
  1327 | D:2      | Reached skill level 3 in Axes
  2054 | D:3      | Reached XP level 5. HP: 33/47 MP: 4/4
  2109 | D:3      | Reached skill level 4 in Axes
  2487 | D:4      | Noticed a phantom
  2527 | D:4      | Killed a phantom
  2527 | D:4      | Reached skill level 5 in Fighting
  2527 | D:4      | Reached skill level 5 in Axes
  2527 | D:4      | Reached XP level 6. HP: 32/56 MP: 5/5
  2895 | D:4      | Reached skill level 5 in Armour
  2962 | D:4      | Reached skill level 5 in Shields
  3363 | D:5      | Entered Level 5 of the Dungeon
  3474 | D:5      | Reached skill level 6 in Axes
  3474 | D:5      | Reached XP level 7. HP: 18/61 MP: 6/6
  3483 | D:5      | Found an iron altar of Okawaru.
  3484 | D:5      | Found a bloodstained altar of Trog.
  3514 | D:5      | Became a worshipper of Warmaster Okawaru
  3533 | D:5      | Found a blossoming altar of Fedhas.
  4209 | D:6      | Reached * piety under Okawaru
  4212 | D:6      | Reached skill level 7 in Axes
  4212 | D:6      | Reached XP level 8. HP: 54/70 MP: 7/7
  5129 | D:7      | Reached skill level 8 in Axes
  5313 | D:7      | Reached ** piety under Okawaru
  5352 | D:7      | Found a staircase to the Ecumenical Temple.
  5559 | D:7      | Found a shimmering altar of Xom.
  5803 | D:7      | Gained mutation: You are partially covered in slimy green scales. (AC +2) [potion of beneficial mutation]
  5967 | D:8      | Noticed a two-headed ogre
  5974 | D:8      | Killed a two-headed ogre
  5974 | D:8      | Reached skill level 9 in Axes
  5974 | D:8      | Reached XP level 9. HP: 10/78 MP: 8/8
  6267 | D:8      | Killed from afar by an electric eel

Vault maps used:
D:1:      erik_arrival_gehennom, minmay_surrounded
D:2:      grunt_decor_clamped
D:3:      nicolae_underground_beach
D:4:      minmay_ruptured
D:5:      grunt_temple_overflow_bloody_war, basic_altar, first_bread
D:7:      nicolae_overflow_hidden_temple, minmay_temple_entry_hall, st_stairs_14
D:8:      kennysheep_town, serial_shops

Skill      XL: |  1  2  3  4  5  6  7  8 |
---------------+-------------------------+-----
Fighting       | 4 5 6 |  6.9
Armour         | 4 5 6 8 |  8.1
Shields        | 4 5 6 8 |  8.4
Axes           | 3 5 6 7 9 |  9.5

Action                   |  1- 3 |  4- 6 |  7- 9 || total
-------------------------+-------+-------+-------++-------
Melee: War axe           |    89 |   165 |   172 ||   426
       Headbutt          |    14 |    29 |    23 ||    66
  Use: Scroll            |     4 |       |     6 ||    10
       Potion            |       |       |    13 ||    13
  Eat: Chunk             |       |     7 |    10 ||    17
Armor: Scale mail        |    53 |    65 |    79 ||   197
Dodge: Dodged            |    36 |    52 |    57 ||   145
Block: Shield            |    56 |   114 |   138 ||   308
